 Dungeon Crawl Stone Soup version 0.30.0-29-ga12c61a403 (webtiles) character file.

Game seed: 6731740119945039831

241 RascalDebosk the Magician (level 6, -1/42 HPs)
             Began as a Djinni Conjurer on June 5, 2023.
             Slain by Duvessa
             ... wielding a +0 short sword of speed
              (3 damage)
             ... while paralysed by Ijyb
             ... on level 4 of the Dungeon.
             The game lasted 00:18:10 (2614 turns).

RascalDebosk the Magician (Djinni Conjurer)         Turns: 2614, Time: 00:18:10

Health: -1/42      AC:  3    Str:  6    XL:     6   Next: 30%
Gold:   100        EV:  2    Int: 21    God:
                   SH:  0    Dex: 12

rFire   + + .        n - +0 short sword (holy)
rCold   x . .        (no shield)
rNeg    . . .        u - +1 robe {Archmagi}
rPois   ∞            (no helmet)
rElec   .            (no cloak)
rCorr   .            (no gloves)
SInv    .            (boots unavailable)
Will    .....        (no amulet)
Stlth   ++           (no ring)
HPRegen 0.27/turn    (no ring)
MPRegen 0.00/turn

%: archmagi, infuse magic (-2 HP)
@: paralysed, wereblooded, flying
A: sickness immunity, fire resistance 2, cold vulnerability 1, float, innate
caster, HP casting, extra vitality 1
a: no special abilities


You were on level 4 of the Dungeon.
You visited 1 branch of the dungeon, and saw 4 of its levels.

You collected 100 gold pieces.

Inventory:

Hand Weapons
 n - a +0 short sword of holy wrath (weapon)
 s - a +0 dagger
Missiles
 l - a throwing net {@!f}
Armour
 a - a +0 robe
 q - +0 pearl dragon scales
 u - a +1 robe of the Archmagi (worn)
Wands
 m - a wand of polymorph (3)
Scrolls
 e - 4 scrolls of fog {unknown}
 f - a scroll of teleportation {unknown}
 j - 2 scrolls of silence {unknown}
 k - a scroll of blinking {unknown}
 p - a scroll of identify {unknown}
 r - a scroll of noise {unknown}
 t - a scroll of amnesia {unknown}
Potions
 b - 2 potions of flight {unknown}
 c - a potion of haste {unknown}
 d - a potion of ambrosia {unknown}
 g - 2 potions of magic {unknown}
 h - 3 potions of berserk rage {unknown}
 i - a potion of might {unknown}
 o - a potion of lignification {unknown}
 v - a potion of attraction {unknown}
 w - a potion of mutation {unknown}


   Skills:
 + Level 1.6 Fighting
 - Level 2.1 Dodging
 - Level 1.5 Stealth
 * Level 5.1 Spellcasting
 + Level 1.6 Evocations


You knew the following spells:

 Your Spells              Type           Power      Damage    Failure   Level
a - Magic Dart            Conj           100%       1d8       1%          1
b - Searing Ray           Conj           80%        2d7       1%          2
c - Dazzling Flash        Conj/Hex       80%        N/A       3%          3
d - Fulminant Prism       Conj/Hex       20%        3d12      13%         4
e - Iskenderun's Mystic   Conj/Tloc      40%        2d9       13%         4
f - Freeze                Ice            100%       1d10      1%          1
g - Wereblood             Tmut           40%        N/A       1%          2
Your spell library was empty.

Dungeon Overview and Level Annotations

Branches:
Dungeon (4/15)
 Temple: D:4-7

Altars:
Dithmenos

Annotations:
D:4 Dowan, Duvessa, Ijyb


Innate Abilities, Weirdness & Mutations

You are immune to sickness and miasma.
You are immune to poison.
Your flesh is very heat resistant. (rF++)
You are vulnerable to cold. (rC-)
You float through the air rather than walking.
You learn spells naturally, not from books.
Your magical power is your life essence.
You have superior vitality. (+4 MHP)


Message History

You kill the dart slug! (Press . to maintain the ray.)
* * * LOW HITPOINT WARNING * * *
You are no longer locked in place.
You start resting.
Your magical contamination has completely faded away.
You start resting.
Your primal bloodlust is almost over.
You start resting.
Your primal bloodlust has ended.
You start resting.
HP restored.
b - 2 fizzy red potions (gained 1)
Things that are here:
a +0 morningstar; a +1 robe of the Archmagi You start removing your armour.
You continue taking off your +0 robe. x4
You finish taking off your +0 robe.
You start putting on your armour.
You continue putting on your +1 robe of the Archmagi. x5
You finish putting on your +1 robe of the Archmagi.
You feel powerful.
Found a bubbling ruby potion.
Found a stone staircase leading down.
You now have 100 gold pieces (gained 13).
A kobold comes into view. It is wielding a +0 short sword.
You see here a bubbling ruby potion.
v - a bubbling ruby potion A kobold is nearby!
Casting: Searing Ray (safe; 1% risk of failure)
Confirm with . or Enter, or press ? or * to list all spells.
Aiming: Magic Dart (safe; 1% risk of failure)
Press: ? - help, Shift-Dir - straight line, f - kobold
Aim: a kobold, wielding a +0 short sword (100% to hit)
You feel a surge of power!
The magic dart hits the kobold.
The kobold is severely wounded.
Casting: Magic Dart (safe; 1% risk of failure)
Confirm with . or Enter, or press ? or * to list all spells.
Aiming: Magic Dart (safe; 1% risk of failure)
Press: ? - help, Shift-Dir - straight line, f/p - kobold
Aim: a kobold, wielding a +0 short sword (severely wounded, 100% to hit)
You feel a surge of power!
The magic dart hits the kobold.
You kill the kobold!
There is a stone staircase leading down here.
Found an escape hatch in the floor.
Found a stone staircase leading down.
Found a stone staircase leading up.
Found a shadowy altar of Dithmenos.
w - a lumpy ruby potion Duvessa, Sister of Dowan comes into view.
She is wielding a +0 short sword of speed.
Found a scroll labelled RIENWE XAMIM.
Duvessa shouts!
You hear a shout!
Casting: Magic Dart (safe; 1% risk of failure)
Confirm with . or Enter, or press ? or * to list all spells.
You feel a surge of power!
Your blood is infused with primal strength.
Duvessa closely misses you.
Casting: Wereblood (safe; 1% risk of failure)
Confirm with . or Enter, or press ? or * to list all spells.
The spell is quite dangerous to miscast (13% risk of failure)!
Continue anyway?
You feel a surge of power!
You erupt in a blast of force!
The mystic blast hits Duvessa!
Duvessa is moderately wounded.
Duvessa is knocked back by the mystic blast.
Duvessa slams into the rock wall!
You hear a shout!
Casting: Iskenderun's Mystic Blast (quite dangerous; 13% risk of failure)
Confirm with . or Enter, or press ? or * to list all spells.
Aiming: Freeze (safe; 1% risk of failure)
Press: ? - help, Shift-Dir - straight line, f - Duvessa
Aim: Duvessa, wielding a +0 short sword of speed and wearing a +0 scale mail (black smoke, moderately wounded)
You feel a surge of power!
You freeze Duvessa.
Duvessa is moderately wounded.
Duvessa hits you with a +0 short sword of speed!
Dowan, Brother of Duvessa comes into view.
He is wielding a +0 dagger.
Unknown command.
Casting: Freeze (safe; 1% risk of failure)
Confirm with . or Enter, or press ? or * to list all spells.
Aiming: Freeze (safe; 1% risk of failure)
Press: ? - help, Shift-Dir - straight line, f/p - Duvessa
Aim: Duvessa, wielding a +0 short sword of speed and wearing a +0 scale mail (black smoke, moderately wounded)
You feel a surge of power!
You freeze Duvessa.
Duvessa is moderately wounded.
Duvessa hits you with a +0 short sword of speed.
* * * LOW HITPOINT WARNING * * *
Duvessa hits you with a +0 short sword of speed!
* * * LOW HITPOINT WARNING * * *
Dowan points at Duvessa and mumbles some strange words.
Duvessa seems to speed up.
Duvessa attacks as you move away! Duvessa misses you.
Ijyb the Twisted Goblin comes into view.
She is wielding a +0 club and carrying a wand of paralysis (4).
Duvessa barely misses you.
Ijyb zaps a wand.
You suddenly lose the ability to move!
Duvessa hits you with a +0 short sword of speed.
* * * LOW HITPOINT WARNING * * *
Duvessa hits you but does no damage. Dowan gestures at you while chanting.
The puff of frost hits you.
You feel a terrible chill!
* * * LOW HITPOINT WARNING * * *
Duvessa hits you with a +0 short sword of speed.
You die...

? .. #. .# . #. .##.#..
§..§§## ......#.
§.§§§§###.. .....
g..§e§§#.# .........#
..§§§§.e.###.........##
..._§§..@.#............##
§§....§......# ..........
§§...§..#<..## ##>.......
§§§..§§##...####.........
#....§# #...#.##......#
##... ###.............# .
... ........#..#.##..#..
.. ..##.....#.)####..#..
...
....#..........###.....


You could see Duvessa (fast) and Dowan.

Vanquished Creatures
  Blork the orc (D:4)
  An orc priest (D:3)
  Natasha (D:2)
  Terence (D:2)
  An orc wizard (D:3)
  A dart slug (D:4)
  6 orcs (D:3)
  6 endoplasms
  4 giant cockroaches
  9 goblins
  A quokka (D:1)
  7 ball pythons
  7 bats
  6 frilled lizards
  7 kobolds
  4 rats (D:3)
63 creatures vanquished.

Vanquished Creatures (others)
  2 fulminant prisms
2 creatures vanquished.

Grand Total: 65 creatures vanquished

Notes
Turn   | Place    | Note
-------+----------+-------------------------------------------
     0 | D:1      | RascalDebosk the Djinni Conjurer began the quest for the
                  | Orb.
     0 | D:1      | RascalDebosk set off with the following spells memorised:
                  | Magic Dart, Searing Ray, Dazzling Flash, Fulminant Prism,
                  | Iskenderun's Mystic Blast.
     0 | D:1      | Reached XP level 1. HP: 15/15 MP: 0/0
    65 | D:1      | Reached XP level 2. HP: 18/21 MP: 0/0
   279 | D:1      | Reached XP level 3. HP: 22/25 MP: 0/0
   279 | D:1      | Learned a level 1 spell: Freeze
   495 | D:2      | Reached skill level 4 in Spellcasting
   614 | D:2      | Noticed Terence
   646 | D:2      | Killed Terence
   647 | D:2      | Reached XP level 4. HP: 28/31 MP: 0/0
   710 | D:2      | Found a faded altar of an unknown god.
   818 | D:2      | Noticed Natasha
   825 | D:2      | Killed Natasha
  1257 | D:3      | Reached XP level 5. HP: 32/35 MP: 0/0
  1257 | D:3      | Learned a level 2 spell: Wereblood
  1790 | D:3      | Reached skill level 1 in Fighting
  1790 | D:3      | Reached skill level 1 in Evocations
  2424 | D:4      | Noticed Blork the orc
  2433 | D:4      | Killed Blork the orc
  2434 | D:4      | Reached skill level 5 in Spellcasting
  2434 | D:4      | Reached XP level 6. HP: 12/42 MP: 0/0
  2602 | D:4      | Found a shadowy altar of Dithmenos.
  2606 | D:4      | Noticed Duvessa
  2609 | D:4      | Noticed Dowan
  2612 | D:4      | Noticed Ijyb
  2612 | D:4      | Paralysed by Ijyb for 4 turns
  2613 | D:4      | HP: 1/42 [Dowan/puff of frost (4)]
  2614 | D:4      | Slain by Duvessa

Illustrated notes

Levels and vault maps discovered:
D:1:      minmay_arrival_up_and_down, layout_rooms
D:2:      layout_rooms, hellmonk_ecumenical_altar_heavens_door, uniq_natasha,
          uniq_terence
D:3:      layout_basic
D:4:      layout_cave_pools, nicolae_dithmenos_the_darkroom, corner_web_ring,
          uniq_ijyb, uniq_duvessa, uniq_pikel, uniq_blork_the_orc

Skill      XL: |  1  2  3  4  5 |
---------------+----------------+-----
Spellcasting   | 4 5 |  5.1
Fighting       | 1 |  1.6
Evocations     | 1 |  1.6
Dodging        | |  2.1
Stealth        | |  1.5

Action                     |  1- 3 |  4- 6 || total
---------------------------+-------+-------++-------
  Melee: Dagger            |     7 |       ||     7
         Short sword       |       |    24 ||    24
   Cast: Magic Dart        |    47 |    34 ||    81
         Searing Ray       |     5 |     6 ||    11
         Dazzling Flash    |     1 |       ||     1
         Fulminant Prism   |       |     2 ||     2
         Iskenderun's Myst |       |     6 ||     6
         Wereblood         |       |     6 ||     6
         Freeze            |       |     2 ||     2
   Stab: Sleeping          |     1 |     1 ||     2
 Armour: Skin              |     3 |       ||     3
         Robe              |     1 |     3 ||     4
  Dodge: Dodged            |    11 |    19 ||    30
